AoeStats
← EMPEROR98265292

Fortress

508171254Analyzed
2v2 RM · 12d ago on Sep 21, 2026· 67m 5s· 4 players
Game mode
Random Map
Map size
Normal (6 player)
Population
200
Speed
Normal
Resources
Standard
Victory
Conquest
Starting age
Dark Age
Ending age
Imperial Age
RankedLock teamsTeams togetherTeam positionsShared explorationLock speedFull tech treeHidden civsTurbo modeCheats
Victory
Defeat
🇦🇺 Bohemians · Australia
1454
+19
🇦🇺 Sicilians · Australia
1451
+19
🇮🇳 Mongols · India
1545
-19
🇮🇳 Mapuche · India
1508
-19
Henrì
7:57 Feudal Age
11:35 Castle Age
10:28 Double-Bit Axe
10:24 Horse Collar
12:56 Bow Saw
13:17 Heavy Plow
21:01 Loom
21:51 Wheelbarrow
21:02 Town Watch
24:02 Imperial Age
21:20 Town Watch
23:08 Chemistry
21:50 Treadmill Crane
22:19 Padded Archer Armor
23:43 Leather Archer Armor
24:14 Masonry
25:13 Wagenburg Tactics
25:29 Conscription
26:08 Houfnice
28:54 Ring Archer Armor
28:21 Pikeman
29:01 Squires
29:02 Scale Mail Armor
30:58 Halberdier
34:12 Chain Mail Armor
34:31 Forging
42:02 Iron Casting
42:14 Caravan
42:59 Elite Skirmisher
44:42 Fletching
46:41 Bodkin Arrow
47:23 Bracer
47:45 Ballistics
49:07 Plate Mail Armor
51:33 Architecture
52:46 Blast Furnace
54:52 Siege Engineers
56:03 Elite Hussite Wagon
Isaac
7:15 Feudal Age
11:09 Castle Age
10:14 Double-Bit Axe
11:03 Horse Collar
12:08 Bow Saw
14:56 Heavy Plow
15:08 Loom
16:46 Town Watch
19:07 Wheelbarrow
19:13 Scale Mail Armor
19:25 Squires
19:12 Arson
20:58 Chain Mail Armor
21:25 Forging
23:11 Iron Casting
23:21 First Crusade
27:21 Hand Cart
31:04 Imperial Age
31:16 Elite Serjeant
32:28 Plate Mail Armor
32:58 Blast Furnace
33:00 Crop Rotation
32:56 Conscription
34:41 Blast Furnace
34:29 Gold Mining
34:30 Stone Mining
37:05 Hoardings
38:02 Town Patrol
43:41 Caravan
44:17 Fletching
44:28 Padded Archer Armor
45:19 Ballistics
45:59 Chemistry
45:15 Masonry
45:49 Bodkin Arrow
46:09 Leather Archer Armor
47:24 Gold Shaft Mining
47:25 Stone Shaft Mining
46:38 Elite Skirmisher
47:29 Bracer
49:12 Ballistics
54:02 Murder Holes
54:05 Capped Ram
55:25 Siege Ram
EMPEROR98265292
9:12 Feudal Age
10:09 Double-Bit Axe
10:07 Horse Collar
12:57 Castle Age
12:32 Stone Mining
12:33 Gold Mining
13:22 Wheelbarrow
12:36 Loom
13:27 Wheelbarrow
15:01 Bow Saw
15:30 Gold Shaft Mining
16:41 Heavy Plow
19:24 Champi Runner
25:10 Imperial Age
23:56 Hand Cart
24:11 Forging
23:51 Fletching
25:49 Iron Casting
26:29 Butalmapu
27:51 Blast Furnace
27:16 Elite Kona
28:36 Conscription
33:00 Fletching
35:30 Malon
35:47 Bodkin Arrow
36:06 Padded Archer Armor
37:27 Leather Archer Armor
38:43 Ring Archer Armor
38:36 Ballistics
40:10 Chemistry
48:28 Caravan
50:37 Elite Skirmisher
Sanskari Ladka
7:12 Feudal Age
11:25 Castle Age
13:49 Double-Bit Axe
13:45 Horse Collar
14:45 Wheelbarrow
13:56 Loom
15:48 Bow Saw
25:27 Imperial Age
23:17 Gold Mining
24:04 Caravan
25:14 Fletching
28:00 Fortified Wall
29:31 Hand Cart
30:21 Bodkin Arrow
30:27 Padded Archer Armor
31:05 Elite Mangudai
36:59 Bodkin Arrow
38:25 Bracer
38:52 Ballistics
39:56 Chemistry
41:41 Padded Archer Armor
43:05 Leather Archer Armor
44:57 Bloodlines
44:47 Husbandry
45:21 Thumb Ring
52:06 Heavy Plow
52:49 Scale Barding Armor
52:54 Forging
53:39 Hand Cart
52:48 Light Cavalry
53:50 Chain Barding Armor
53:31 Town Watch
53:59 Hussar
Connection lost

Rejoining the realm…

Still unreachable

The connection could not be restored.

Session expired

The server has moved on; the page needs a fresh start.